 Dungeon Crawl Stone Soup version 0.25-a0-404-gc1b5a34292 (webtiles) character file.

Game seed: 3127376636289075489, levelgen mode: deterministic

501 MordorOrchid the Magician (level 6, -3/46 HPs)
             Began as a Demonspawn Wanderer on Jan 12, 2020.
             Slain by a killer bee (5 damage)
             ... on level 4 of the Dungeon.
             The game lasted 00:18:52 (3307 turns).

MordorOrchid the Magician (Demonspawn Wanderer)     Turns: 3307, Time: 00:18:54

Health: -3/46      AC:  3    Str: 10    XL:     6   Next: 95%
Magic:  8/12       EV: 26    Int: 19    God:
Gold:   108        SH:  0    Dex: 18    Spells: 2/13 levels left

rFire    . . .     SeeInvis +   w - +2 short sword (drain)
rCold    + . .     Gourm    .   (no shield)
rNeg     . . .     Faith    .   d - +0 robe
rPois    .         Spirit   .   (helmet restricted)
rElec    .         Reflect  .   m - +0 cloak
rCorr    .         Harm     .   (no gloves)
MR       .....                  (no boots)
Stlth    +++.......             (no amulet)
HPRegen  0.15/turn              r - +5 ring of evasion
MPRegen  0.13/turn              (no ring)

@: agile
A: horns 1, repulsion field 2, see invisible, clever 1, cold resistance 1,
demonic guardian 1
a: no special abilities


You were on level 4 of the Dungeon.
You were not hungry.

You visited 1 branch of the dungeon, and saw 4 of its levels.

You collected 108 gold pieces.

Inventory:

Hand Weapons
 a - a +0 dagger
 i - a +0 dagger of draining
 p - a +2 mace of protection
 w - a +2 short sword of draining (weapon)
 x - a +0 hunting sling
Missiles
 b - 126 stones
 g - 24 bolts
 h - 4 boomerangs (quivered)
 k - 25 sling bullets
 t - 51 arrows
Armour
 d - a +0 robe (worn)
 m - a +0 cloak (worn)
Jewellery
 r - a +5 ring of evasion (left hand)
Scrolls
 e - a scroll of fog {unknown}
 l - a scroll of teleportation {unknown}
 o - 2 scrolls of remove curse
Potions
 c - a potion of curing
 j - a potion of heal wounds
 n - a potion of lignification {unknown}
 s - a potion of degeneration
Comestibles
 f - 3 rations
 A - 2 chunks of flesh


   Skills:
 * Level 2.5 Fighting
 * Level 2.2 Dodging
 - Level 1.0 Stealth
   Level 1.0 Shields
 - Level 4.0 Spellcasting
 * Level 1.4 Conjurations
 - Level 2.0 Summonings
 - Level 2.0 Translocations
 - Level 3.1 Transmutations
   Level 1.7 Ice Magic
 * Level 1.2 Air Magic
 - Level 3.0 Poison Magic


You had 2 spell levels left.
You knew the following spells:

 Your Spells              Type           Power        Failure   Level  Hunger
a - Sting                 Tmut/Pois      ###.         4%          1    None
b - Call Imp              Summ           ##......     9%          2    ##.....
c - Conjure Flame         Conj/Fire      #.......     30%         3    ###....
g - Mephitic Cloud        Conj/Pois/Air  ##......     19%         3    ###....
x - Blink                 Tloc           N/A          9%          2    ##.....

Your spell library contained the following spells:

 Spells                   Type           Power        Failure   Level  Hunger
 Magic Dart               Conj           #...         8%          1    None
 Slow                     Hex            #.......     21%         2    ##.....


Dungeon Overview and Level Annotations

Branches:
Dungeon (4/15)
 Temple: D:4-7

Altars:
Gozag
Nemelex Xobeh


Innate Abilities, Weirdness & Mutations

You have a pair of small horns on your head.
You are surrounded by a moderate repulsion field. (EV +3)
A weak demonic guardian rushes to your aid.
You have supernaturally acute eyesight. (SInv)
Your mind is acute. (Int +2)
Your flesh is cold resistant. (rC+)


Message History

Beogh smites you! The killer bee completely misses you.
The killer bee barely misses you.
Unknown command.
As you read the scroll labeled NUUMANOIWI, it crumbles to dust.
It is a scroll of identify.
s - a potion of degeneration The killer bee completely misses you.
The centaur shoots an arrow.
The arrow hits you!
* * * LOW HITPOINT WARNING * * *
The killer bee closely misses you. The orc barely misses you.
The killer bee misses you.
The centaur shoots an arrow.
The arrow completely misses you. The killer bee completely misses you.
As you read the scroll labeled YLYAMAETUA, it crumbles to dust.
You hear whispers in an ancient language.
It was a scroll of random uselessness.
The killer bee stings you but does no damage.
The killer bee misses you.
The centaur shoots an arrow.
The arrow barely misses you. The orc completely misses you.
The killer bee misses you. The killer bee stings you.
You die...

PPP....o<.### .
....##...$.# .##.##
#...#..#...##..#.. ..
...#.?#.........# ..
#...#.o....#....# #..
####.##......#....##...
##....##c...###.........
#.....y(o..†#...........
##...#y@o.(.............
### ##(....÷...........
##.((.......##†...
###.........#.##.
#.###.##....<.. ###
#..#..#.... #..#.####..
##...# .. ##..# ..


You could see a centaur, 2 killer bees, an orc priest and 2 orcs.

Vanquished Creatures
  Sigmund (D:2)
  A big kobold (D:4)
  A killer bee (D:3)
  A howler monkey (D:4)
  Robin (D:3)
  5 adders
  2 oozes
  A worm (D:3)
  A dart slug (D:3)
  2 leopard geckos
  2 orcs (D:3)
  2 giant cockroaches
  12 goblins
  3 hobgoblins
  3 jackals (D:2)
  2 quokkas (D:3)
  8 bats
  2 frilled lizards
  6 kobolds
  10 rats
66 creatures vanquished.

Vanquished Creatures (collateral kills)
  A scorpion (D:4)
  An iguana (D:3)
  An orc wizard (D:3)
  An adder (D:4)
  A worm (D:2)
  An orc (D:3)
  6 goblins (D:3)
  A hobgoblin (D:3)
  A quokka (D:4)
  A ball python (D:4)
15 creatures vanquished.

Grand Total: 81 creatures vanquished

Notes
Turn   | Place    | Note
-------+----------+-------------------------------------------
     0 | D:1      | MordorOrchid the Demonspawn Wanderer began the quest for
                  | the Orb.
     0 | D:1      | MordorOrchid set off with the following items: a +0 dagger,
                  | a potion of curing, a +0 robe, a ration; and the following
                  | spells available to memorise: Blink, Magic Dart, Sting,
                  | Call Imp, Slow, Conjure Flame, Mephitic Cloud
     0 | D:1      | Reached XP level 1. HP: 13/13 MP: 5/5
     2 | D:1      | Learned a level 1 spell: Sting
   149 | D:1      | Found a sparkling altar of Nemelex Xobeh.
   279 | D:1      | Gained mutation: You are surrounded by a mild repulsion
                  | field. (EV +2) [demonic ancestry]
   279 | D:1      | Reached XP level 2. HP: 10/20 MP: 4/7
   286 | D:1      | Learned a level 2 spell: Blink
   870 | D:1      | Reached skill level 1 in Poison Magic
   878 | D:1      | Learned a level 2 spell: Call Imp
  1000 | D:2      | Reached skill level 1 in Fighting
  1000 | D:2      | Reached skill level 1 in Dodging
  1000 | D:2      | Reached skill level 1 in Transmutations
  1000 | D:2      | Reached XP level 3. HP: 7/26 MP: 1/8
  1147 | D:2      | Noticed Sigmund
  1166 | D:2      | Killed Sigmund
  1166 | D:2      | Reached skill level 1 in Summonings
  1166 | D:2      | Gained mutation: You are surrounded by a moderate repulsion
                  | field. (EV +3) [demonic ancestry]
  1166 | D:2      | Reached XP level 4. HP: 26/33 MP: 3/10
  1166 | D:2      | Gained mutation: You have a pair of small horns on your
                  | head. [demonic ancestry]
  1166 | D:2      | Reached XP level 5. HP: 30/38 MP: 3/11
  1306 | D:2      | Learned a level 3 spell: Conjure Flame
  1310 | D:2      | Learned a level 3 spell: Mephitic Cloud
  1787 | D:2      | Noticed a phantom
  1908 | D:2      | Gained mutation: You have supernaturally acute eyesight.
                  | (SInv) [potion of mutation]
  1908 | D:2      | Gained mutation: Your mind is acute. (Int +2) [potion of
                  | mutation]
  1908 | D:2      | Gained mutation: Your flesh is cold resistant. (rC+)
                  | [potion of mutation]
  2477 | D:3      | Gained mutation: A weak demonic guardian rushes to your
                  | aid. [demonic ancestry]
  2477 | D:3      | Reached XP level 6. HP: 44/44 MP: 10/12
  2666 | D:3      | Noticed Robin
  2716 | D:3      | Killed Robin
  2865 | D:3      | Found an opulent altar of Gozag.
  3279 | D:4      | Reached skill level 1 in Conjurations
  3279 | D:4      | Reached skill level 1 in Air Magic
  3306 | D:4      | HP: 2/46 [centaur/arrow (14)]
  3307 | D:4      | Slain by a killer bee

Levels and vault maps discovered:
D:1:      dpeg_arrival_houses_and_road, layout_loops_ring,
          minmay_misc_feat_columns, serial_bayou_pond_a, fountainhead,
          nemelex_xobeh_ov_fountains_minmay
D:2:      layout_basic, uniq_sigmund
D:3:      layout_loops_cross, nicolae_gozag_cash_rules_everything_around_me,
          uniq_robin
D:4:      layout_cave_pools, fedhas_bush_and_centaur_altar, first_ration

Skill      XL: |  1  2  3  4  5  6 |
---------------+-------------------+-----
Poison Magic   | 1 2 3 |  3.0
Fighting       | 1 2 |  2.5
Dodging        | 1 2 |  2.2
Transmutations | 1 2 3 |  3.1
Summonings     | 1 2 |  2.0
Translocations | 2 |  2.0
Conjurations   | 1 |  1.4
Air Magic      | 1 |  1.2
Stealth        | |  1.0
Shields        | |  1.0
Spellcasting   | |  4.0
Ice Magic      | |  1.7

Action                   |  1- 3 |  4- 6 || total
-------------------------+-------+-------++-------
Melee: Dagger            |    17 |    18 ||    35
       Headbutt          |       |     3 ||     3
       Short sword       |       |     9 ||     9
Throw: Stone             |     7 |     2 ||     9
       Boomerang         |       |     3 ||     3
 Cast: Sting             |    34 |    76 ||   110
       Call Imp          |       |    21 ||    21
  Use: Potion            |     4 |     2 ||     6
       Scroll            |       |     4 ||     4
 Stab: Invisible         |     1 |     1 ||     2
       Sleeping          |       |     2 ||     2
  Eat: Chunk             |       |     4 ||     4
       Ration            |       |     1 ||     1
Armor: Robe              |     6 |    12 ||    18
Dodge: Dodged            |    20 |    87 ||   107

Table legend:
 A = Non-vault XP
 B = Vault XP
 C = Vault XP percentage of total XP
 D = Non-vault monster count
 E = Vault monster count
 F = Vault count percentage of total count
                 A         B        C        D         E       F
            +---------+---------+-------+---------+---------+-------
      Total |     472 |     244 |  34.1 |      67 |      14 |  17.3
            +---------+---------+-------+---------+---------+-------
        D:1 |      26 |       0 |   0.0 |      17 |       0 |   0.0
        D:2 |      93 |     208 |  69.1 |      23 |       1 |   4.2
        D:3 |     158 |      36 |  18.6 |      21 |      13 |  38.2
        D:4 |     195 |       0 |   0.0 |       6 |       0 |   0.0
            +---------+---------+-------+---------+---------+-------
